AoeStats
← |GaoeG| flamingo

Enclosed

503797273Analyzed
1v1 RM · 29d ago on Sep 2, 2026· 23m 16s· 2 players
Game mode
Random Map
Map size
Tiny (2 player)
Population
200
Speed
Normal
Resources
Standard
Victory
Conquest
Starting age
Dark Age
Ending age
Imperial Age
RankedLock teamsTeams togetherTeam positionsShared explorationLock speedFull tech treeHidden civsTurbo modeCheats
Victory
Defeat
🇦🇺 Wu · Australia
1402
+15
🇪🇸 Turks · Spain
1376
-15
|GaoeG| flamingo
7:01 Loom
8:53 Feudal Age
16:24 Scale Barding Armor
16:32 Forging
23:29 Town Watch
NachoAriasN
6:26 Loom
9:26 Feudal Age
9:28 Man-at-Arms
9:56 Double-Bit Axe
18:09 Fletching
18:06 Arson
22:59 Castle Age
22:29 Gold Mining
Connection lost

Rejoining the realm…

Still unreachable

The connection could not be restored.

Session expired

The server has moved on; the page needs a fresh start.